 Dungeon Crawl Stone Soup version 0.30-a0-702-gdf48620a09 (webtiles) character file.

Game seed: 13635005783454606950

133 acebull12 the Covered (level 4, -2/40 HPs)
             Began as a Minotaur Fighter on Jan 21, 2023.
             Slain by a two-headed ogre
             ... wielding a +0 giant club
              (16 damage)
             ... on level 5 of the Dungeon.
             The game lasted 00:03:35 (1952 turns).

acebull12 the Covered (Minotaur Fighter)            Turns: 1952, Time: 00:03:35

Health: -2/40      AC: 12    Str: 22    XL:     4   Next: 93%
Magic:  3/3        EV:  9    Int:  5    God:
Gold:   82         SH:  5    Dex: 16    Spells: 3/3 levels left

rFire   . . .      SeeInvis .    a - +0 trident
rCold   . . .      Faith    .    c - +0 buckler
rNeg    . . .      Spirit   .    b - +0 scale mail
rPois   .          Reflect  .    (helmet restricted)
rElec   .          Harm     .    (no cloak)
rCorr   .          Rampage  .    s - +0 pair of gloves
Will    .....                    (no boots) Stlth
                                 (no amulet)
HPRegen 0.26/turn                f - +6 ring of dexterity
MPRegen 0.08/turn                l - +4 ring of protection

@: no status effects
A: horns 2, retaliatory headbutt
a: no special abilities


You were on level 5 of the Dungeon.
You visited 1 branch of the dungeon, and saw 4 of its levels.

You collected 82 gold pieces.

Inventory:

Hand Weapons
 a - a +0 trident (weapon)
Missiles
 e - 13 stones (quivered)
 h - 3 silver javelins
Armour
 b - a +0 scale mail (worn)
 c - a +0 buckler (worn)
 s - a +0 pair of gloves (worn)
Jewellery
 f - a +6 ring of dexterity (left hand)
 l - a +4 ring of protection (right hand)
 m - a ring of ice
 q - a ring of poison resistance
Scrolls
 g - a scroll of enchant armour {unknown}
 k - a scroll of fog {unknown}
 n - a scroll of torment {unknown}
 p - a scroll of identify {unknown}
 r - a scroll of butterflies {unknown}
Potions
 d - a potion of might
 i - 3 potions of curing {unknown}
 j - a potion of degeneration {unknown}
 o - a potion of attraction {unknown}


   Skills:
 + Level 4.0 Fighting
 + Level 4.0 Polearms
 * Level 5.1 Armour
 + Level 0.1 Dodging
 * Level 4.5 Shields


You had 3 spell levels left.
You didn't know any spells.
Your spell library was empty.

Dungeon Overview and Level Annotations

Branches:
Dungeon (3/15)

Altars:


Innate Abilities, Weirdness & Mutations

You have a pair of horns on your head.
You reflexively headbutt those who attack you in melee.


Message History

You feel sick.
You are no longer poisoned.
HP restored.
A sourceless malevolence fills the Dungeon...
You fall into a shaft and drop 2 floors!
The shaft crumbles and collapses.
An ufetubus comes into view.
The ufetubus shouts!
You reach to attack!
You puncture the ufetubus!
You kill the ufetubus!
Your Polearms skill increases to level 4!
No target in view!
Found a stone staircase leading down.
There is a stone staircase leading down here.
A two-headed ogre comes into view.
It is wielding a +0 giant club and a +0 giant spiked club.
The two-headed ogre shouts in stereo!
You hear an angry hiss.
An adder comes into view.
The adder hisses angrily.
You puncture the two-headed ogre!
The two-headed ogre is lightly wounded.
The two-headed ogre closely misses you.
The two-headed ogre hits you but does no damage.
You puncture the two-headed ogre!
Your headbutt misses the two-headed ogre.
The two-headed ogre is moderately wounded.
You hit the two-headed ogre.
The two-headed ogre is moderately wounded.
The two-headed ogre hits you but does no damage.
The two-headed ogre hits you with a +0 giant spiked club!
You barely miss the two-headed ogre.
The two-headed ogre is moderately wounded.
The two-headed ogre hits you with a +0 giant club.
The two-headed ogre hits you with a +0 giant spiked club!
The adder closely misses you. You furiously retaliate!
You headbutt the adder.
You are too injured to fight recklessly!
You puncture the two-headed ogre!
The two-headed ogre is heavily wounded.
The adder bites you but does no damage.
The two-headed ogre hits you with a +0 giant club!
You die...

####..........#
.........####....
####.....########
#................
#
#.###..##.#######
#.####.###..##.#
........##>.##.#
#...........##.#
######.@###.##.#
#SO# #.##.# #..#
#.##.. #... ...
##.# .# #.# ..
#.# ## #.#


You could see a two-headed ogre and an adder.

Vanquished Creatures
  4 adders
  3 gnolls
  An ufetubus (D:5)
  2 worms (D:2)
  2 dart slugs (D:1)
  7 endoplasms
  3 giant cockroaches
  A goblin (D:1)
  8 hobgoblins
  2 kobolds (D:2)
  A quokka (D:1)
  9 ball pythons
  3 bats
  3 frilled lizards (D:1)
  6 rats
55 creatures vanquished.

Vanquished Creatures (others)
  A plant (D:1)
1 creature vanquished.

Grand Total: 56 creatures vanquished

Notes
Turn   | Place    | Note
-------+----------+-------------------------------------------
     0 | D:1      | acebull12 the Minotaur Fighter began the quest for the Orb.
     0 | D:1      | Reached XP level 1. HP: 19/19 MP: 0/0
   108 | D:1      | Found a faded altar of an unknown god.
   121 | D:1      | Reached XP level 2. HP: 27/27 MP: 1/1
   273 | D:1      | Reached skill level 4 in Armour
   726 | D:1      | Reached XP level 3. HP: 33/33 MP: 2/2
  1203 | D:2      | Reached XP level 4. HP: 40/40 MP: 3/3
  1680 | D:2      | Reached skill level 5 in Armour
  1916 | D:3      | You fall into a shaft and drop 2 floors!
  1916 | D:5      | Entered Level 5 of the Dungeon
  1946 | D:5      | Noticed a two-headed ogre
  1952 | D:5      | Slain by a two-headed ogre

Illustrated notes

Levels and vault maps discovered:
D:1:      minmay_arrival_split_and_join, layout_loops_ring,
          dreamdust_ecumenical_altar_angels_and_demons, chequers_mini_garden,
          serial_bayou_lagoon_a
D:2:      layout_loops_ring, minmay_box_of_dots
D:3:      layout_basic, mainiacjoe_overflow_alcove_4,
          mainiacjoe_overflow_small_starburst, kennysheep_generic_room_8
D:5:      layout_loops_ring

Skill      XL: |  1  2  3  4 |
---------------+-------------+-----
Armour         | 4 5 |  5.1
Shields        | 4 |  4.5
Polearms       | 3 4 |  4.0
Fighting       | 4 |  4.0
Dodging        | |  0.1

Action                   |  1- 3 |  4- 6 || total
-------------------------+-------+-------++-------
Melee: Trident           |    78 |    50 ||   128
       Headbutt          |     9 |     7 ||    16
Armor: Scale mail        |    13 |    24 ||    37
Dodge: Dodged            |    23 |     8 ||    31
Block: Buckler           |    20 |    15 ||    35

Table legend: (Time is in decaauts)
 A = Elapsed time spent in this place.
 B = Non-inter-level travel time spent in this place.
 C = Inter-level travel time spent in this place.
 D = Time resting spent in this place.
 E = Time spent auto-exploring this place.
 F = Levels seen in this place.
 G = Mean time per level.
                   A        B        C        D        E       F      G
               +--------+--------+--------+--------+--------+-----+--------+
         Total |   1984 |   1864 |    120 |    199 |   1273 |   4 |  496.0 |
       Dungeon |   1984 |   1864 |    120 |    199 |   1273 |   4 |  496.0 |
               +--------+--------+--------+--------+--------+-----+--------+

Top non-repeatable levels by time:
     D:1: 1096 daAuts
     D:2: 793 daAuts
     D:3: 57 daAuts
     D:5: 36 daAuts
